 Dungeon Crawl Stone Soup version 0.26.0-45-g9c1d065592 (webtiles) character file.

Game seed: 150143501835268273

46 kaeus the Sneak (level 3, -1/22 HPs)
             Began as an Octopode Enchanter on Jan 29, 2021.
             Slain by a quokka (2 damage)
             ... on level 2 of the Dungeon.
             The game lasted 00:01:42 (1265 turns).

kaeus the Sneak (Octopode Enchanter)                Turns: 1265, Time: 00:01:43

Health: -1/22      AC:  1    Str:  7    XL:     3   Next: 66%
Magic:  6/6        EV: 13    Int: 17    God:
Gold:   95         SH:  0    Dex: 13    Spells: 3/6 levels left

rFire    . . .     SeeInvis .   a - +1 dagger
rCold    . . .     Faith    .   (no shield)
rNeg     . . .     Spirit   .   (helmet restricted)
rPois    .         Reflect  .   (no amulet)
rElec    .         Harm     .   (no ring)
rCorr    .         Rampage  .   (no ring)
Will     .....                  (no ring)
Stlth    ++++......             (no ring)
HPRegen  0.07/turn              (no ring)
MPRegen  0.10/turn              (no ring)
                                (no ring)
                                (no ring)

@: no status effects
A: almost no armour, stealthy swim, amphibious, 8 rings, constrict 8, camouflage
1, gelatinous body 1
a: no special abilities


You were on level 2 of the Dungeon.
You visited 1 branch of the dungeon, and saw 2 of its levels.

You collected 95 gold pieces.

Inventory:

Hand Weapons
 a - a +1 dagger (weapon)
 d - a +0 dagger of venom
Scrolls
 b - 3 scrolls of identify {unknown}
 c - a scroll of remove curse {unknown}
Potions
 e - a potion of curing {unknown}
 f - a potion of invisibility {unknown}


   Skills:
 + Level 0.8 Fighting
 + Level 1.6 Short Blades
 + Level 2.2 Dodging
 + Level 4.5 Stealth
 + Level 2.3 Spellcasting
 + Level 3.3 Hexes


You had 3 spell levels left.
You knew the following spells:

 Your Spells              Type           Power        Failure   Level
a - Corona                Hex            14%          4%          1
b - Ensorcelled Hibernat  Hex/Ice        14%          14%         2

Your spell library contained the following spells:

 Spells                   Type           Power        Failure   Level
 Slow                     Hex            13%          8%          2
 Confusing Touch          Hex            13%          14%         3
 Tukima's Dance           Hex            13%          14%         3
 Magic Dart               Conj           8%           19%         1
 Blink                    Tloc           N/A          28%         2
 Call Imp                 Summ           2%           28%         2
 Dazzling Flash           Conj/Hex       14%          28%         3
 Conjure Flame            Conj/Fire      2%           50%         3
 Mephitic Cloud           Conj/Pois/Air  2%           50%         3


Dungeon Overview and Level Annotations

Branches:
Dungeon (2/15)

Altars:


Innate Abilities, Weirdness & Mutations

You cannot wear most types of armour.
You are very stealthy in the water. (Stealth+)
You are amphibious.
You can wear up to eight rings at the same time.
You can use your tentacles to constrict eight enemies at once.
Your skin changes colour to match your surroundings (Stealth+).
Your rubbery body absorbs attacks. (AC +1, EV +1)


Message History

There are monsters nearby!
You barely miss the orc. You grab the orc. You constrict the orc.
The quokka bites you. The orc hits you with a +0 war axe.
The leopard gecko bites you.
A frilled lizard comes into view.
There are monsters nearby!
You take 13 damage, and have 9/22 hp.
MASSIVE DAMAGE!!
You are too injured to fight recklessly!
There are monsters nearby!
You release your grip on the orc.
The quokka twitches its whiskers.
The quokka bites you. The orc closely misses you. The quokka bites you.
* * * LOW HITPOINT WARNING * * *
You take 6 damage, and have 3/22 hp.
MASSIVE DAMAGE!!
The quokka bites you.
* * * LOW HITPOINT WARNING * * *
You take 2 damage, and have 1/22 hp.
The leopard gecko closely misses you. The quokka bites you.
You die...

.......#..#......#....##....###..
....##.#..#......#.†..##.#### #).
....##.#..##..##......##.# #..
.......#......###.....##.# #..
...######.#...##......##.# #..
...# #.##.#(......###.# #.. ...#
#....#.......# #.# #.. ...#
######.......# #.# #.. ####
#..@....# #.# ### ###rl...###
#o....... #####..<....#
#.....l.....# #...†........
#....).g..### #....†....#
#.........#


You could see an orc, a leopard gecko, a quokka, a hobgoblin and a frilled
lizard.

Vanquished Creatures
  A worm (D:2)
  A dart slug (D:2)
  A leopard gecko (D:2)
  2 giant cockroaches (D:1)
  4 goblins
  8 hobgoblins
  5 kobolds
  A ball python (D:1)
  8 bats
  2 frilled lizards (D:1)
  4 rats
37 creatures vanquished.

Notes
Turn   | Place    | Note
-------+----------+-------------------------------------------
     0 | D:1      | kaeus the Octopode Enchanter began the quest for the Orb.
     0 | D:1      | Reached XP level 1. HP: 11/11 MP: 3/3
   378 | D:1      | Reached XP level 2. HP: 18/18 MP: 5/5
   507 | D:1      | Learned a level 2 spell: Ensorcelled Hibernation
   641 | D:1      | Reached XP level 3. HP: 14/22 MP: 6/6
  1261 | D:2      | HP: 1/22 [quokka (2)]
  1265 | D:2      | Slain by a quokka

Illustrated notes

Levels and vault maps discovered:
D:1:      lemuel_arrival_lava_pool, layout_basic
D:2:      layout_basic

Action                   || total
-------------------------++-------
Melee: Dagger            ||    94
       Constrict         ||    22
       Tentacles         ||     9
 Cast: Ensorcelled Hiber ||     4
 Stab: Sleeping          ||     9
Armor: Skin              ||     9
Dodge: Dodged            ||    70
